 Seeded DCSS version 0.29.0-13-gc9e81de378 (webtiles) character file.

Game seed: 3875183420463564524 (custom seed)

4556 bwicke the Carver (level 10, 0/60 HPs)
             Began as an Octopode Gladiator on Sept 8, 2022.
             Was an Elder of Uskayaw.
             Slain by an orc warrior
             ... wielding a +0 bardiche
              (24 damage)
             ... in a bailey.
             The game lasted 00:23:30 (6899 turns).

bwicke the Carver (Octopode Gladiator)              Turns: 6899, Time: 00:23:31

Health: 0/60       AC:  1    Str: 26    XL:     10   Next: 40%
Magic:  7/10       EV: 13    Int: 13    God:    Uskayaw [****..]
Gold:   189        SH: 25    Dex: 30    Spells: 9/9 levels left

rFire   + + .      SeeInvis .   C - +9 scimitar of Punishment {speed, rCorr}
rCold   . . .      Faith    .   g - +5 tower shield of Getoti {rElec rF+ Dex+3}
rNeg    + . .      Spirit   .   b - +0 hat
rPois   .          Reflect  .   s - amulet of the acrobat
rElec   +          Harm     .   h - +6 ring of strength
rCorr   +          Rampage  .   n - +6 ring of dexterity
Will    .....                   u - ring of protection from fire
Stlth   +++.......              q - +6 ring of strength
HPRegen 0.20/turn               N - +6 ring of dexterity
MPRegen 0.12/turn               O - ring of positive energy
                                (no ring)
                                (no ring)

@: no status effects
A: almost no armour, amphibious, 8 rings, camouflage 1, gelatinous body 1,
(nimble swimmer 1), tentacles
a: Renounce Religion, Stomp, Line Pass


You were in a bailey.
You worshipped Uskayaw.
Uskayaw was noncommittal.
You visited 2 branches of the dungeon, and saw 9 of its levels.
You also visited: Bailey.

You collected 381 gold pieces.
You spent 192 gold pieces at shops.

Inventory:

Hand Weapons
 e - a +0 flail of holy wrath
 A - the +10 mace "Bolueq" {freeze, rElec Stlth+}
   (You found it on level 4 of the Dungeon)

   It freezes those it strikes, dealing additional cold damage.
   It can also slow down cold-blooded creatures.
   rElec:     It insulates you from electricity.
   Stlth:     It makes you more stealthy.
 C - the +9 scimitar of Punishment (weapon) {speed, rCorr}
   (You found it on level 4 of the Dungeon)

   Attacks with this weapon are significantly faster.
   rCorr:     It protects you from acid and corrosion.
 G - a +1 whip of flaming
 I - a +2 vampiric dagger
 T - a +1 hand axe of flaming
Missiles
 c - 5 throwing nets (quivered)
 d - a javelin
 j - 13 poisoned darts
Armour
 b - a +0 hat (worn)
 g - the +5 tower shield of Getoti (worn) {rElec rF+ Dex+3}
   (You found it on level 5 of the Dungeon)

   Dex:       It affects your dexterity (+3).
   rF:        It protects you from fire.
   rElec:     It insulates you from electricity.
 D - a +2 buckler
Magical Staves
 y - a staff of air
Jewellery
 h - a +6 ring of strength (left tentacle)
 n - a +6 ring of dexterity (right tentacle)
 q - a +6 ring of strength (on tentacle)
 s - an amulet of the acrobat (around mantle)
 u - a ring of protection from fire (on tentacle)
 E - an amulet of reflection
 N - a +6 ring of dexterity (on tentacle)
 O - a ring of positive energy (on tentacle)
 S - a ring of fire
Wands
 t - a wand of roots (2)
 J - a wand of polymorph (13)
 M - a wand of light (10)
Scrolls
 a - a scroll of brand weapon {unknown}
 l - 4 scrolls of magic mapping
 m - 4 scrolls of blinking
 p - a scroll of torment {unknown}
 r - a scroll of vulnerability {unknown}
 v - a scroll of fear {unknown}
 x - 2 scrolls of immolation {unknown}
 B - 5 scrolls of teleportation
 H - 2 scrolls of amnesia {unknown}
 Q - a scroll of silence {unknown}
Potions
 f - 2 potions of berserk rage
 i - a potion of cancellation
 k - 2 potions of flight {unknown}
 o - 2 potions of invisibility {unknown}
 w - 3 potions of curing
 z - 3 potions of might
 F - 3 potions of heal wounds {unknown}
 K - a potion of degeneration {unknown}
 L - 2 potions of mutation {unknown}
 P - a potion of attraction {unknown}
 R - a potion of magic {unknown}


   Skills:
 - Level 2.2 Fighting
 + Level 12.5 Long Blades
 - Level 2.1 Throwing
 - Level 3.1 Dodging
 - Level 8.3 Shields


You had 9 spell levels left.
You didn't know any spells.
Your spell library contained the following spells:

 Spells                   Type           Power      Damage    Failure   Level
 Beastly Appendage        Tmut           0%         N/A       93%         1
 Sting                    Tmut/Pois      0%         1d3       93%         1
 Poisonous Vapours        Pois/Air       0%         N/A       98%         2
 Call Canine Familiar     Summ           0%         N/A       100%        3
 Portal Projectile        Hex/Tloc       0%         N/A       100%        3
 Stone Arrow              Conj/Erth      0%         3d7       100%        3
 Summon Guardian Golem    Hex/Summ       0%         N/A       100%        3
 Tukima's Dance           Hex            0%         N/A       100%        3
 Leda's Liquefaction      Hex/Erth       0%         N/A       100%        4
 Olgreb's Toxic Radiance  Pois           0%         N/A       100%        4
 Irradiate                Conj/Tmut      0%         3d11      100%        5
 Yara's Violent Unravell  Hex/Tmut       0%         3d3       100%        5
 Orb of Destruction       Conj           0%         9d5       100%        7
 Spellforged Servitor     Conj/Summ      0%         N/A       100%        7
 Lehudib's Crystal Spear  Conj/Erth      0%         10d2      100%        8
 Animate Armour           Summ/Erth      Unusable   N/A       N/A         4

Dungeon Overview and Level Annotations

Branches:
Dungeon (8/15)             Temple (1/1) D:7          Bailey (1/1)
   Lair: D:8-11

Altars:
Ashenzari
Cheibriados
Dithmenos
Elyvilon
Gozag
Hepliaklqana
Makhleb
Nemelex Xobeh
Okawaru
Qazlal
Ru
Sif Muna
Trog
Uskayaw
Vehumet
Wu Jian
Xom
Yredelemnul
The Shining One

Shops:
D:3 !   D:4 =   D:7 *


Innate Abilities, Weirdness & Mutations

You cannot wear most types of armour.
You are amphibious.
You can wear up to eight rings at the same time.
Your skin changes colour to match your surroundings (Stealth+).
Your rubbery body absorbs attacks. (AC +1, EV +1)
((You are camouflaged when in or above water. (Stealth+)))
You have tentacles for arms and can constrict up to eight enemies at once.


Message History

Things that are here:
a +0 spear; a +0 chain mail The orc warrior shouts!
The orc warrior misses you.
Found a scale mail.
You block the orc warrior's attack.
You barely miss the orc warrior. You grab the orc warrior.
You squeeze the orc warrior, but do no damage.
You constrict the orc warrior. You block the orc warrior's attack. x2
You slash the orc warrior!
The orc warrior is severely wounded.
You constrict the orc warrior. You block the orc warrior's attack.
The orc warrior hits you from afar with a +0 bardiche!!
Uskayaw will force your foes to share their pain.
Uskayaw links your audience in an emotional bond!
You slash the orc warrior!
You kill the orc warrior!
You block the orc warrior's attack. x2
Found a transparent jade ring.
The orc warrior hits you with a +0 bardiche!
Things that are here:
a +0 glaive; a +0 ring mail; an orc corpse You barely miss the orc warrior.
You grab the orc warrior.
You squeeze the orc warrior, but do no damage.
The orc warrior is lightly wounded.
You constrict the orc warrior. You barely miss the orc warrior.
The orc warrior is lightly wounded.
You constrict the orc warrior.
The orc warrior is no longer sharing its pain. x2
You block the orc warrior's attack. The orc warrior barely misses you.
You stomp with the beat, sending a shockwave through the revellers around you!
The orc warrior is moderately wounded.
You constrict the orc warrior, but do no damage.
You block the orc warrior's attack. x2
You hit the orc warrior but do no damage.
The orc warrior is moderately wounded.
You constrict the orc warrior, but do no damage.
You block the orc warrior's attack.
The orc warrior hits you with a +0 bardiche!!
You die...

....)..~~..## ##..~~..........#
~)~)))~~..##[= ##..~~~~~~~~~~.#
).)......## .. ##..........~.#
#############'#############.~.#
##.$$$ §§§......##.....##.~.#
.##.$.# §≈§≈.≈≈≈§.##...##))~.#
..##.## §§§....≈§§.'#.##..~~.#
~..#+# ≈...⌠..§≈§..#'#..)~.##
~..# ...⌠∩⌠o@.o..#'#..~~.∩#
..## ≈≈.....≈≈..## ##..~~.# .##
.≈≈§≈≈≈§..## ##.)~.# ##
.......))## ##.~.#
#############+###)#########.~.#
.........##.....##..........~.#
~~~~~~)~..##.∩.##..~~~~~~~~~~.#
.......~~..## ##.)~~..........#
######..~~..###..~~..##########


You could see 2 orc warriors.

Vanquished Creatures
  Pikel (D:5)
  Maggie (D:7)
  Prince Ribbit (D:6)
  Grinder (D:4)
  A steam dragon (D:7)
  Duvessa (D:6)
  3 black bears
  3 water moccasins
  7 orc warriors
  2 sky beasts
  An ice beast (D:6)
  2 ogres (D:5)
  2 phantoms
  3 bullfrogs
  A gnoll sergeant (D:6)
  3 scorpions
  Dowan (D:6)
  2 howler monkeys
  4 jellies
  4 orc priests
  A hound (D:7)
  A gnoll bouda (D:5)
  7 orc wizards
  4 iguanas
  3 adders
  14 gnolls
  An ufetubus (D:5)
  A worm (D:2)
  A dart slug (D:1)
  38 orcs
  11 endoplasms
  2 giant cockroaches
  9 goblins
  7 hobgoblins
  3 jackals (D:2)
  6 kobolds
  4 quokkas
  2 ball pythons (D:2)
  8 bats
  4 frilled lizards
  8 rats
179 creatures vanquished.

Vanquished Creatures (others)
  A wizard (D:7)
1 creature vanquished.

Grand Total: 180 creatures vanquished

Notes
Turn   | Place    | Note
-------+----------+-------------------------------------------
     0 | D:1      | bwicke the Octopode Gladiator began the quest for the Orb.
     0 | D:1      | Reached XP level 1. HP: 14/14 MP: 1/1
   170 | D:1      | Reached XP level 2. HP: 19/19 MP: 2/2
   354 | D:1      | Reached XP level 3. HP: 11/24 MP: 3/3
  1129 | D:2      | Reached skill level 4 in Long Blades
  1664 | D:2      | Found a faded altar of an unknown god.
  2017 | D:3      | Reached XP level 4. HP: 29/29 MP: 4/4
  2235 | D:3      | Found Eskeli's Distillery.
  2366 | D:3      | Reached skill level 5 in Long Blades
  2918 | D:4      | Found Ycwi's Jewellery Shoppe.
  2937 | D:4      | Reached XP level 5. HP: 22/34 MP: 5/5
  2945 | D:4      | Identified the +10 mace "Bolueq" {freeze, rElec Stlth+}
  3199 | D:4      | Identified the +9 scimitar of Punishment {speed, rCorr}
  3228 | D:4      | Reached skill level 6 in Long Blades
  3430 | D:4      | Found a sparkling altar of Nemelex Xobeh.
  3434 | D:4      | Noticed Grinder
  3453 | D:4      | Paralysed by Grinder for 2 turns
  3455 | D:4      | Killed Grinder
  3456 | D:4      | Reached skill level 7 in Long Blades
  3456 | D:4      | Reached XP level 6. HP: 39/39 MP: 6/6
  3463 | D:4      | Noticed a black bear
  3489 | D:4      | Killed a black bear
  3490 | D:4      | Reached XP level 7. HP: 44/45 MP: 7/7
  3611 | D:5      | Entered Level 5 of the Dungeon
  3761 | D:5      | Reached skill level 8 in Long Blades
  3798 | D:5      | Noticed Pikel
  3805 | D:5      | Killed Pikel
  3806 | D:5      | Reached skill level 9 in Long Blades
  3806 | D:5      | Reached XP level 8. HP: 29/50 MP: 8/8
  3983 | D:5      | Reached skill level 10 in Long Blades
  4235 | D:5      | Identified the +5 tower shield of Getoti {rElec rF+ Dex+3}
  4257 | D:5      | Reached skill level 1 in Shields
  4524 | D:5      | Found a stormy altar of Qazlal.
  4534 | D:5      | Found a hazy altar of Hepliaklqana.
  4549 | D:5      | Found an iron altar of Okawaru.
  4556 | D:5      | Found a shimmering blue altar of Sif Muna.
  4849 | D:5      | Found a radiant altar of Vehumet.
  4909 | D:6      | Reached XP level 9. HP: 46/54 MP: 9/9
  4911 | D:6      | Noticed Duvessa
  4914 | D:6      | Noticed Dowan
  4920 | D:6      | Killed Duvessa
  4921 | D:6      | Reached skill level 5 in Shields
  4924 | D:6      | Killed Dowan
  5524 | D:6      | Noticed Prince Ribbit
  5531 | D:6      | Killed Prince Ribbit
  5644 | D:6      | Found an opulent altar of Gozag.
  5869 | D:7      | Noticed Maggie
  5880 | D:7      | Killed Maggie
  5881 | D:7      | Reached skill level 11 in Long Blades
  5881 | D:7      | Reached XP level 10. HP: 51/60 MP: 10/10
  6208 | D:7      | Got the Discourse on Mutagenic Guile
  6231 | D:7      | Found Suluolon's Assorted Antiques.
  6239 | D:7      | Bought a scroll labelled GUOLAS HEERPHE for 24 gold pieces
  6239 | D:7      | Bought a scroll labelled TINULA IFEU for 24 gold pieces
  6239 | D:7      | Bought a scroll of identify for 48 gold pieces
  6239 | D:7      | Bought a scroll of identify for 48 gold pieces
  6239 | D:7      | Bought a scroll of identify for 48 gold pieces
  6243 | D:7      | Found a bloodstained altar of Trog.
  6244 | D:7      | Noticed a wizard
  6249 | D:7      | Killed a wizard
  6388 | D:7      | Reached skill level 12 in Long Blades
  6485 | D:7      | Found a staircase to the Ecumenical Temple.
  6495 | Temple   | Entered the Ecumenical Temple
  6495 | Temple   | Found a transporter.
  6495 | Temple   | Found a transporter.
  6497 | Temple   | Found a transporter.
  6497 | Temple   | Found a transporter.
  6532 | Temple   | Became a worshipper of Uskayaw the Reveller
  6637 | D:8      | Found a flagged portal.
  6645 | D:8      | Reached * piety under Uskayaw
  6677 | Bailey   | Entered a bailey
  6693 | Bailey   | Reached ** piety under Uskayaw
  6697 | Bailey   | Reached *** piety under Uskayaw
  6701 | Bailey   | Reached **** piety under Uskayaw
  6711 | Bailey   | Reached ***** piety under Uskayaw
  6899 | Bailey   | Slain by an orc warrior

Illustrated notes

Levels and vault maps discovered:
D:1:      elethiomel_arrival_infinity_welcomes_careful_drivers, layout_basic
D:2:      layout_basic, shapermc_ecumenical_altar_starsandcircs,
          roderic_lattice_a, kennysheep_potato
D:3:      layout_loops_ring, serial_shops, nicolae_shop_behind_doors,
          corexii_leaking_fountain
D:4:      layout_rooms, amcnicky_altar_gilded, serial_shops,
          nicolae_stop_n_shop_2, uniq_grinder
D:5:      layout_basic, kennysheep_mini, grunt_temple_overflow_cloverleaf,
          uniq_pikel
D:6:      layout_basic, lemuel_doored_altar, uniq_duvessa, uniq_prince_ribbit1
D:7:      layout_basic, trog_wizard, minmay_temple_entry_junction, serial_shops,
          shop, uniq_maggie
D:8:      layout_basic, enter_bailey_3, uniq_maurice, uniq_grum
Temple:   hellmonk_temple_divided_pantheon
Bailey:   bailey_polearm_1, bailey

Skill      XL: |  1  2  3  4  5  6  7  8  9 10 |
---------------+-------------------------------+-----
Long Blades    | 4 5 7 9 10 11 12 | 12.5
Shields        | 4 8 |  8.3
Fighting       | |  2.2
Throwing       | |  2.1
Dodging        | |  3.1

Action                   |  1- 3 |  4- 6 |  7- 9 | 10-12 || total
-------------------------+-------+-------+-------+-------++-------
Melee: Long sword        |    72 |    40 |       |       ||   112
       Constrict         |    23 |     9 |    28 |    18 ||    78
       Tentacles         |    13 |     4 |    27 |    16 ||    60
       Scimitar          |       |    11 |   120 |    72 ||   203
       Mace              |       |     4 |       |       ||     4
       Punch             |       |       |     4 |     1 ||     5
Throw: Throwing net      |       |     4 |     1 |       ||     5
       Dart              |       |     2 |     1 |       ||     3
       Javelin           |       |     1 |     1 |       ||     2
Invok: Stomp             |       |       |       |     1 ||     1
Evoke: Wand              |       |     1 |     1 |       ||     2
  Use: Scroll            |       |       |     5 |     3 ||     8
 Stab: Sleeping          |     6 |     7 |     8 |     2 ||    23
       Held in net/web   |       |     1 |       |       ||     1
       Paralysed         |       |       |       |     2 ||     2
Armor: Skin              |     6 |     1 |     1 |     1 ||     9
Dodge: Dodged            |    66 |    26 |    32 |    11 ||   135
Block: Buckler           |       |       |     7 |       ||     7
       Tower shield      |       |       |    60 |    86 ||   146
